 Dungeon Crawl Stone Soup version 0.31.0-7-gf635a9b802 (webtiles) character file.

Game seed: 3611093071066422807

152 sasquatch the Poker (level 5, -4/38 HPs)
             Began as a Demonspawn Gladiator on Jan 23, 2024.
             Slain by an orc
             ... wielding a +0 trident
              (5 damage)
             ... on level 3 of the Dungeon.
             The game lasted 00:02:19 (2315 turns).

sasquatch the Poker (Demonspawn Gladiator)          Turns: 2315, Time: 00:02:20

Health: -4/38      AC:  6    Str: 23    XL:     5   Next: 11%
Magic:  5/5        EV: 11    Int:  8    God:
Gold:   182        SH:  0    Dex: 14    Spells: 4/4 levels left

rFire   . . .        a - +0 trident
rCold   . . .        (no shield)
rNeg    . . .        t - +0 ring mail
rPois   .            c - +0 helmet
rElec   .            (no cloak)
rCorr   .            (no gloves)
SInv    .            (no boots)
Will    .....        i - amulet of the acrobat
Stlth   +            m - +6 ring of strength
HPRegen 0.26/turn    (no ring)
MPRegen 0.09/turn

%: acrobat
@: no status effects
A: foul stench 1
a: no special abilities


You were on level 3 of the Dungeon.
You visited 1 branch of the dungeon, and saw 3 of its levels.

You collected 182 gold pieces.

Inventory:

Hand Weapons
 a - a +0 trident (weapon)
Missiles
 d - 4 throwing nets
 e - a javelin
 h - 6 poisoned darts (quivered)
Armour
 c - a +0 helmet (worn)
 t - a +0 ring mail (worn)
Jewellery
 i - an amulet of the acrobat (around neck)
 m - a +6 ring of strength (left hand)
 o - a +5 ring of evasion
 p - a +4 ring of protection
Scrolls
 b - a scroll of teleportation {unknown}
 g - 3 scrolls of identify {unknown}
 j - a scroll of butterflies {unknown}
 l - a scroll of noise {unknown}
 n - a scroll of amnesia {unknown}
 q - a scroll of fog {unknown}
 s - a scroll of fear {unknown}
Potions
 f - 2 potions of curing {unknown}
 k - a potion of brilliance {unknown}
 r - a potion of magic {unknown}


   Skills:
 - Level 2.0 Fighting
 + Level 5.3 Polearms
 - Level 1.7 Throwing
 - Level 2.6 Dodging


You had 4 spell levels left.
You didn't know any spells.
Your spell library contained the following spells:

 Spells                   Type           Power      Damage    Failure   Level
 Sublimation of Blood     Necr           0%         N/A       71%         2
 Hailstorm                Conj/Ice       0%         3d5       91%         3
 Summon Ice Beast         Ice/Summ       0%         N/A       91%         3
 Petrify                  Alch/Erth      0%         N/A       100%        4
 Irradiate                Conj/Alch      0%         3d11      100%        5
 Sculpt Simulacrum        Ice/Alch       0%         N/A       100%        6


Dungeon Overview and Level Annotations

Branches:
Dungeon (3/15)

Altars:

Shops:
D:2 [


Innate Abilities, Weirdness & Mutations

You may rarely emit foul miasma when damaged in melee.


Message History

You puncture the orc priest!
The orc priest is severely wounded.
You hear a shout!
The orc priest calls down the wrath of Beogh upon you.
Beogh smites you!
An orc comes into view. It is wielding a +0 trident.
You puncture the orc priest!
You kill the orc priest!
The orc hits you from afar with a +0 trident.
You have reached level 5!
Unknown command.
You barely miss the orc priest.
The orc priest invokes the aid of Beogh against you.
You barely resist.
An orc comes into view. It is wielding a +0 flail.
The orc barely misses you.
Unknown command.
You closely miss the orc priest. The orc priest misses you.
The orc closely misses you.
Unknown command.
You hit the orc priest.
The orc priest is moderately wounded.
The orc priest hits you but does no damage.
The orc hits you from afar with a +0 trident.
Unknown command.
You barely miss the orc priest.
The orc priest is moderately wounded.
The orc priest hits you with a +0 flail.
* * * LOW HITPOINT WARNING * * *
You emit a cloud of foul miasma!
The orc hits you from afar with a +0 trident.
* * * LOW HITPOINT WARNING * * *
You hit the orc priest but do no damage.
The orc priest is moderately wounded.
The orc priest is engulfed in dark miasma.
The orc priest is poisoned.
The orc priest seems to slow down.
The orc priest hits you with a +0 flail!
* * * LOW HITPOINT WARNING * * *
The orc hits you from afar with a +0 trident.
You die...

##...## #.# #.#
#########.## #.# #.#
#.........######.# #.#
#.########.......###.###
#.## .##.##..........#
#..# .#.##.######...#
##..# o.##.# ##..#
######...# #o##.# #..#
.......### #@##.# #..#
#.####...### ###)##.#
##.# ..# ##..#.# #.#.##.#
#.# ### ##....###.#.##.#
#.#
#...........##.########.#
#.#######.#.# .......<..#
#.# #.#.# #########.# #.#
#.#รท# #.# #.# ##.#.# #.#


You could see an orc priest (poisoned, slow) and an orc.

Vanquished Creatures
  An orc priest (D:3)
  Natasha (D:3)
  5 adders
  2 dart slugs (D:2)
  A ribbon worm (D:2)
  2 bats (D:1)
  4 endoplasms
  2 giant cockroaches
  4 goblins
  7 hobgoblins
  A quokka (D:2)
  6 ball pythons
  3 frilled lizards
  3 kobolds
  8 rats
50 creatures vanquished.

Notes
Turn   | Place    | Note
-------+----------+-------------------------------------------
     0 | D:1      | sasquatch the Demonspawn Gladiator began the quest for the
                  | Orb.
     0 | D:1      | Reached XP level 1. HP: 16/16 MP: 1/1
   105 | D:1      | Reached skill level 3 in Polearms
   349 | D:1      | Gained mutation: You may rarely emit foul miasma when
                  | damaged in melee. [demonic ancestry]
   349 | D:1      | Reached XP level 2. HP: 22/22 MP: 2/2
   872 | D:2      | Reached XP level 3. HP: 12/27 MP: 3/3
  1062 | D:2      | Reached skill level 4 in Polearms
  1235 | D:2      | Found Boul Sua's Antique Armour Boutique.
  1705 | D:3      | Reached XP level 4. HP: 27/33 MP: 4/4
  1740 | D:3      | Found a faded altar of an unknown god.
  1928 | D:3      | Noticed Natasha
  1943 | D:3      | Killed Natasha
  2113 | D:3      | Reached skill level 5 in Polearms
  2311 | D:3      | Reached XP level 5. HP: 19/38 MP: 5/5
  2315 | D:3      | HP: 1/38 [orc priest/+0 flail (8)]
  2315 | D:3      | Slain by an orc

Illustrated notes

Levels and vault maps discovered:
D:1:      shiori_arrival_maze, layout_loops_ring, kennysheep_decorative_pillar
D:2:      layout_loops_cross, serial_shops, shop, minmay_tetromino_o4
D:3:      layout_loops_ring, dreamdust_ecumenical_altar_angels_and_demons,
          kennysheep_orc_chapel, uniq_natasha

Skill      XL: |  1  2  3  4 |
---------------+-------------+-----
Polearms       | 3 4 5 |  5.3
Fighting       | |  2.0
Throwing       | |  1.7
Dodging        | |  2.6

Action                     |  1- 3 |  4- 6 || total
---------------------------+-------+-------++-------
  Melee: Trident           |   121 |    47 ||   168
   Stab: Sleeping          |     3 |       ||     3
 Armour: Leather armour    |    45 |     1 ||    46
         Ring mail         |       |    27 ||    27
  Dodge: Dodged            |    48 |    27 ||    75
